Map: Acid Plant LE

Players

Probe - Winner!

  • Race: Protoss Protoss
  • Spawn Location: 5:00

Allaryce

  • Race: Zerg Zerg
  • Spawn Location: 11:00

Event: WCS Austin 2018

VOD

Have the link to the VOD?

Description

Time

  • Played on: June 1, 2018, 2:38 p.m.
  • Length: 5:09

All games in this series

Show
View Real Time Build Order
Export as new Build Order

Probe Protoss - Winner!

Build Orders:  

Get SALT Encoding   

  12  0:00  Probe  
  13  0:12  Probe  
  14  0:19  Pylon  
  14  0:25  Probe  
  15  0:34  Probe  
  15  0:40  Forge  
  15  0:42  Probe  
  17  0:52  Probe  
  18  0:59  Pylon  
  18  1:01  Probe  
  19  1:09  Probe  
  19  1:18  Photon Cannon  
  20  1:22  Gateway, Probe  
  21  1:36  Pylon  
  21  1:37  Probe  
  22  1:49  Probe  
  22  1:52  Assimilator  
  22  1:53  Assimilator  
  23  1:57  Photon Cannon  
  23  2:11  Probe  
  23  2:12  Cybernetics Core  
  23  2:14  Photon Cannon  
  24  2:19  Photon Cannon  
  24  2:24  Photon Cannon  
  24  2:32  Photon Cannon  
  24  2:39  Stalker  
  24  2:40  Probe  
  25  2:46  Photon Cannon  
  25  2:51  Warp Gate  
  27  2:55  Shield Battery  
  27  3:00  Shield Battery  
  27  3:06  Shield Battery  
  27  3:12  Robotics Facility  
  27  3:20  Shield Battery  
  27  3:28  Photon Cannon  
  27  3:35  Stalker  
  29  3:44  Photon Cannon  
  29  3:50  Immortal  
  29  3:55  Pylon  
  33  4:07  Stalker  
  35  4:16  Shield Battery  
  35  4:21  Immortal  
  41  4:51  Pylon  
Show
View Real Time Build Order
Export as new Build Order

Allaryce Zerg 

Build Orders: Pool First 

Get SALT Encoding   

  12  0:01  Drone  
  13  0:12  Overlord  
  13  0:17  Drone  
  14  0:34  Spawning Pool  
  13  0:43  Drone x2  
  13  0:46  Drone  
  16  0:58  Drone  
  17  1:32  Hatchery  
  16  1:35  Zergling x6  
  16  1:38  Queen  
  21  1:42  Extractor  
  20  1:49  Drone  
  20  2:12  Drone x2  
  22  2:18  Spine Crawler  
  20  2:36  Queen  
  21  2:47  Drone x2  
  21  2:50  Queen  
  25  3:04  Roach Warren  
  25  3:05  Drone x2  
  25  3:06  Drone x2, Extractor  
  25  3:07  Drone  
  28  3:18  Overlord x2  
  28  3:54  Roach  
  28  3:55  Roach x3  
  36  3:56  Roach, Queen  
  36  3:57  Queen  
  42  4:09  Overlord  
  42  4:13  Overlord  
  42  4:27  Overlord x2  
  38  4:40  Ravager x2  
Tags
 
Add a new tag
Caveats
  • Supply blocks, unpowered buildings, or Contaminate may cause inaccurate times.
  • Supply counts are checked every 10 seconds.